 Dungeon Crawl Stone Soup version 0.30.0-19-g36f170ea60 (webtiles) character file.

Game seed: 14252520418313163116

1416 PaiMei the Digger (level 8, 0/50 HPs)
             Began as a Gargoyle Earth Elementalist on May 30, 2023.
             Slain by a water moccasin (4 damage)
             ... on level 6 of the Dungeon.
             The game lasted 00:14:44 (4415 turns).

PaiMei the Digger (Gargoyle Earth Elementalist)     Turns: 4415, Time: 00:14:44

Health: 0/50       AC: 11    Str: 15    XL:     8   Next: 71%
Magic:  13/15      EV: 11    Int: 18    God:
Gold:   272        SH:  7    Dex: 16    Spells: 16/17 levels left

rFire   . . .        y - +0 flail of Distant Shores {venom, Drain Str+3 Stlth+}
rCold   . . .        F - +2 buckler
rNeg    + . .        q - +0 leather armour
rPois   ∞            (no helmet)
rElec   +            m - +0 cloak
rCorr   .            (no gloves)
SInv    .            o - +0 pair of boots
Will    .....        i - amulet of the acrobat
Stlth   +++          g - +6 ring of dexterity
HPRegen 0.28/turn    (no ring)
MPRegen 0.14/turn

%: acrobat
@: no status effects
A: sickness immunity, AC +5, negative energy resistance 1, electricity
resistance, torment resistance 1, petrification resistance
a: no special abilities


You were on level 6 of the Dungeon.
You visited 1 branch of the dungeon, and saw 7 of its levels.

You collected 272 gold pieces.

Inventory:

Hand Weapons
 y - the +0 flail of Distant Shores (weapon) {venom, Drain Str+3 Stlth+}
   (You found it on level 3 of the Dungeon)

   Str:       It affects your strength (+3).
   Drain:     It drains your maximum health when unequipped.
   Stlth:     It makes you more stealthy.
 A - a +2 antimagic whip
Missiles
 j - 40 stones
 v - 2 poisoned darts (quivered)
 z - 10 boomerangs
 J - 5 javelins
Armour
 m - a +0 cloak (worn)
 o - a +0 pair of boots (worn)
 q - a +0 leather armour (worn)
 u - a scarf of invisibility
 F - a +2 buckler (worn)
Jewellery
 e - an amulet of regeneration
 g - a +6 ring of dexterity (left hand)
 i - an amulet of the acrobat (around neck)
 l - a ring of fire
 s - a ring of ice
Wands
 p - a wand of charming (9)
 E - a wand of acid (12)
Scrolls
 a - a scroll of brand weapon {unknown}
 c - a scroll of fear {unknown}
 d - 2 scrolls of amnesia {unknown}
 h - 5 scrolls of identify {unknown}
 k - 4 scrolls of teleportation {unknown}
 n - 2 scrolls of blinking {unknown}
 t - a scroll of magic mapping {unknown}
 B - 2 scrolls of noise {unknown}
 D - a scroll of fog {unknown}
 I - a scroll of torment {unknown}
Potions
 b - 2 potions of magic
 f - a potion of brilliance {unknown}
 r - a potion of flight {unknown}
 w - a potion of attraction {unknown}
 C - 2 potions of degeneration {unknown}
 G - a potion of heal wounds {unknown}
 H - 4 potions of curing {unknown}


   Skills:
 + Level 5.4 Fighting
 - Level 4.2 Armour
 - Level 1.7 Dodging
 - Level 2.4 Stealth
 + Level 2.9 Shields
 + Level 5.1 Spellcasting
 - Level 1.0 Transmutations
 + Level 7.2 Earth Magic


You had 16 spell levels left.
You knew the following spells:

 Your Spells              Type           Power      Damage    Failure   Level
a - Sandblast             Erth           60%        2d14      1%          1

Your spell library contained the following spells:

 Spells                   Type           Power      Damage    Failure   Level
 Passwall                 Tmut/Erth      15%        N/A       6%          2
 Stone Arrow              Conj/Erth      34%        3d9       14%         3
 Ensorcelled Hibernation  Hex/Ice        8%         N/A       32%         2
 Poisonous Vapours        Pois/Air       8%         N/A       32%         2
 Petrify                  Tmut/Erth      19%        N/A       36%         4
 Spider Form              Tmut/Pois      6%         N/A       45%         3
 Mephitic Cloud           Conj/Pois/Air  4%         N/A       54%         3
 Anguish                  Hex/Necr       2%         N/A       91%         4
 Freezing Cloud           Conj/Ice/Air   2%         6-21      99%         5


Dungeon Overview and Level Annotations

Branches:
Dungeon (7/15)
 Temple: D:4-7

Altars:
Elyvilon
Trog
Xom


Innate Abilities, Weirdness & Mutations

You are immune to sickness and miasma.
Your stone body is resilient. (AC +5)
You are immune to poison.
You resist negative energy. (rN+)
You are resistant to electric shocks. (rElec)
You are resistant to unholy torment.
You are immune to petrification.


Message History

The water moccasin bites you but does no damage.
The killer bee stings you but does no damage. x2
The water moccasin bites you.
* * * LOW HITPOINT WARNING * * *
You hit the water moccasin but do no damage.
The water moccasin is poisoned.
The water moccasin is moderately wounded.
The killer bee completely misses you.
The killer bee stings you but does no damage.
You block the water moccasin's attack.
The killer bee stings you but does no damage.
The killer bee barely misses you.
The water moccasin bites you but does no damage.
The killer bee stings you.
* * * LOW HITPOINT WARNING * * *
You block the killer bee's attack.
Casting: Sandblast (safe; 1% risk of failure)
Confirm with . or Enter, or press ? or * to list all spells.
Aiming: Sandblast (safe; 1% risk of failure)
Press: ? - help, Shift-Dir - straight line, f - killer bee
Aim: a killer bee (67% to hit)
The blast of sand hits the killer bee!
The killer bee is heavily wounded.
You block the killer bee's attack. The killer bee barely misses you.
The water moccasin bites you but does no damage.
The killer bee stings you but does no damage.
The killer bee barely misses you. The water moccasin bites you.
* * * LOW HITPOINT WARNING * * *
The killer bee stings you.
* * * LOW HITPOINT WARNING * * *
The killer bee stings you but does no damage.
Casting: Sandblast (safe; 1% risk of failure)
Confirm with . or Enter, or press ? or * to list all spells.
Aiming: Sandblast (safe; 1% risk of failure)
Press: ? - help, Shift-Dir - straight line, f/p - killer bee
Aim: a killer bee (heavily wounded, 67% to hit)
The blast of sand hits the killer bee!
You kill the killer bee!
You block the killer bee's attack. The water moccasin bites you.
You die...

######### #.......# #.#####.# #.#
#.############# ##### #.#
#.............#
....#########.#################.#
....<#.................#........#
.....#.######.########[#.########
................@y..#...........#
.....#.######.##S##.#..#.######.#
.....#.######.##.##.#..#<# #....#
.....#.##.........#.#..#.###.##.#
####.#.##.###.....#.#...[....##.#
.....#.##.# #.....#.#...#########
.......##.# #.....#.#..<.........
#########.# ##+#..#.#.###########
#.# #.#..#.#............


You could see a water moccasin (very poisoned) and a killer bee.

Vanquished Creatures
  A hornet (D:6)
  Edmund (D:5)
  An orc warrior (D:6)
  2 black bears
  An ogre (D:5)
  3 scorpions
  3 killer bees (D:6)
  A howler monkey (D:4)
  2 orc priests
  2 hounds
  4 iguanas
  2 orc wizards (D:5)
  A gnoll (D:3)
  6 adders
  An ufetubus (D:5)
  3 worms
  14 orcs
  4 bats
  5 endoplasms
  7 giant cockroaches
  4 hobgoblins
  11 jackals
  5 kobolds
  4 quokkas
  9 ball pythons
  3 frilled lizards
  5 goblins
  5 rats
110 creatures vanquished.

Notes
Turn   | Place    | Note
-------+----------+-------------------------------------------
     0 | D:1      | PaiMei the Gargoyle Earth Elementalist began the quest for
                  | the Orb.
     0 | D:1      | Reached XP level 1. HP: 10/10 MP: 3/3
   238 | D:1      | Reached skill level 1 in Transmutations
   238 | D:1      | Reached XP level 2. HP: 10/15 MP: 5/5
   668 | D:2      | Found a shimmering altar of Xom.
   872 | D:2      | Reached skill level 1 in Fighting
   872 | D:2      | Reached skill level 4 in Earth Magic
   872 | D:2      | Reached XP level 3. HP: 19/20 MP: 6/6
   937 | D:2      | Reached skill level 1 in Armour
  1346 | D:3      | Reached XP level 4. HP: 22/25 MP: 7/7
  1592 | D:3      | Identified the +0 flail of Distant Shores {venom, Drain
                  | Str+3 Stlth+}
  1961 | D:3      | Found a bloodstained altar of Trog.
  2003 | D:4      | Reached XP level 5. HP: 28/30 MP: 9/9
  2255 | D:4      | Noticed a black bear
  2511 | D:4      | Reached skill level 5 in Earth Magic
  2511 | D:4      | Reached XP level 6. HP: 36/36 MP: 9/11
  2602 | D:4      | Killed a black bear
  2861 | D:5      | Entered Level 5 of the Dungeon
  2879 | D:4      | Reached XP level 7. HP: 34/41 MP: 12/12
  2975 | D:5      | Noticed Edmund
  2995 | D:5      | Killed Edmund
  3070 | D:5      | Reached skill level 6 in Earth Magic
  3140 | D:5      | Found a white marble altar of Elyvilon.
  3689 | D:6      | Reached XP level 8. HP: 45/48 MP: 14/14
  3859 | D:6      | Reached skill level 1 in Shields
  4130 | D:6      | Noticed a hornet
  4151 | D:6      | Killed a hornet
  4152 | D:6      | Reached skill level 5 in Fighting
  4152 | D:6      | Reached skill level 5 in Spellcasting
  4152 | D:6      | Reached skill level 7 in Earth Magic
  4415 | D:6      | Slain by a water moccasin

Illustrated notes

Levels and vault maps discovered:
D:1:      heliophobic_arrival_enchanted_forest, layout_basic,
          hangedman_decor_clover_reticule, minmay_tree_intersection,
          grunt_decor_fettered
D:2:      layout_rooms, basic_altar
D:3:      layout_basic, trog_antimagical
D:4:      minmay_general_purpose_star, layout_loops_ring
D:5:      layout_rooms, elyvilon_altar_3, eino_tiny_chamber, kennysheep_dice,
          uniq_edmund
D:6:      layout_basic
D:7:      layout_cave_pools, temple_pool_b

Skill      XL: |  1  2  3  4  5  6  7  8 |
---------------+-------------------------+-----
Transmutations | 1 |  1.0
Fighting       | 1 2 3 4 5 |  5.4
Earth Magic    | 4 5 6 7 |  7.2
Armour         | 1 2 3 4 |  4.2
Spellcasting   | 3 4 5 |  5.1
Shields        | 2 |  2.9
Dodging        | |  1.7
Stealth        | |  2.4

Action                     |  1- 3 |  4- 6 |  7- 9 || total
---------------------------+-------+-------+-------++-------
  Melee: Hand axe          |   127 |    20 |       ||   147
         Punch             |     2 |       |       ||     2
         Flail             |       |    91 |    98 ||   189
   Cast: Sandblast         |     5 |       |    17 ||    22
   Stab: Sleeping          |     6 |    15 |     1 ||    22
 Armour: Robe              |    13 |       |       ||    13
         Leather armour    |    48 |    50 |    77 ||   175
  Dodge: Dodged            |   119 |    69 |    81 ||   269
  Block: Buckler           |       |    13 |    37 ||    50
